MLB
ST. LOUIS CARDINALS @ MIAMI MARLINS
09/21/2047
 
TOP OF THE 1ST
St. Louis Cardinals batting - Pitching for Miami Marlins : RHP Tim Barnett
Pitching: RHP Tim Barnett
Batting: RHB Tenshou Takita 0-0: Called Strike
0-1: Fly out, F7 (Flyball, 7D, EV 103.8 MPH)
Batting: LHB Tom Butterbaugh 0-0: Called Strike
0-1: Ball
1-1: Ball
2-1: Foul Ball, location: 2F
2-2: Strikes out swinging
Batting: SHB Antoine Roux 0-0: Called Strike
0-1: Called Strike
0-2: Ball
1-2: Foul Ball, location: 2F
1-2: Strikes out swinging
Top of the 1st over - 0 runs, 0 hits, 0 errors, 0 left on base; St. Louis 0 - Miami 0
BOTTOM OF THE 1ST
Miami Marlins batting - Pitching for St. Louis Cardinals : RHP Chad Mangum
Pitching: RHP Chad Mangum
Batting: RHB Mike Gar 0-0: Called Strike
0-1: Ball
1-1: Ball
2-1: SOLO HOME RUN (Line Drive, 7D, EV 100.0 MPH), Distance : 389 ft
Batting: RHB Roger Salazar 0-0: Called Strike
0-1: Foul Ball, location: 2F
0-2: Foul Ball, location: 2F
0-2: Strikes out swinging
Batting: LHB Andre Gorter 0-0: Called Strike
0-1: Ball
1-1: Foul Ball, location: 2F
1-2: Foul Ball, location: 2F
1-2: Ground out 4-3 (Groundball, 34D, EV 107.5 MPH)
Batting: RHB Jimmy Groseclose 0-0: Ball
1-0: Ball
2-0: Ball
3-0: Called Strike
3-1: Called Strike
3-2: Strikes out looking
Bottom of the 1st over - 1 run, 1 hit, 0 errors, 0 left on base; St. Louis 0 - Miami 1
TOP OF THE 2ND
St. Louis Cardinals batting - Pitching for Miami Marlins : RHP Tim Barnett
Batting: LHB Pat Sutton 0-0: Ball
1-0: Ball
2-0: Called Strike
2-1: Foul Ball, location: 2F
2-2: Foul Ball, location: 2F
2-2: Foul Ball, location: 2F
2-2: Ball
3-2: Fly out, F9 (Flyball, 9LM, EV 86.2 MPH)
Batting: LHB Armando Carbajal 0-0: Ball
1-0: Ball
2-0: Ball
3-0: Called Strike
3-1: Foul Ball, location: 2F
3-2: Fly out, F8 (Flyball, 8RD, EV 83.8 MPH)
Batting: RHB Klaas Meij 0-0: Fly out, F8 (Flyball, 8RXD, EV 89.4 MPH)
Top of the 2nd over - 0 runs, 0 hits, 0 errors, 0 left on base; St. Louis 0 - Miami 1
BOTTOM OF THE 2ND
Miami Marlins batting - Pitching for St. Louis Cardinals : RHP Chad Mangum
Batting: RHB Adam McGurn 0-0: Swinging Strike
0-1: Ball
1-1: Called Strike
1-2: Ball
2-2: Ball
3-2: Base on Balls
Batting: RHB Steve Barnard 0-0: Ball
1-0: Ball
2-0: Grounds into double play, 4-6-3 (Groundball, 4, EV 93.1 MPH)
Batting: RHB Alberto Cotto 0-0: Swinging Strike
0-1: Ball
1-1: Ball
2-1: Foul Ball, location: 2F
2-2: Foul Ball, location: 2F
2-2: Fly out, F8 (Flyball, 8LM, EV 86.9 MPH)
Bottom of the 2nd over - 0 runs, 0 hits, 0 errors, 0 left on base; St. Louis 0 - Miami 1
TOP OF THE 3RD
St. Louis Cardinals batting - Pitching for Miami Marlins : RHP Tim Barnett
Batting: RHB Melvin Enriquez 0-0: SINGLE (Line Drive, 78M, EV 96.9 MPH)
Batting: RHB Danny Gallo 0-0: Ball
1-0: Called Strike
1-1: Called Strike
1-2: Strikes out swinging
Batting: RHB Terry Baginski 0-0: Called Strike
0-1: Foul Ball, location: 2F
0-2: Strikes out swinging
Batting: RHB Tenshou Takita 0-0: Foul Ball, location: 2F
0-1: Foul Ball, location: 2F
0-2: Ball
1-2: Ground out 4-3 (Groundball, 34, EV 111.9 MPH)
Top of the 3rd over - 0 runs, 1 hit, 0 errors, 1 left on base; St. Louis 0 - Miami 1
BOTTOM OF THE 3RD
Miami Marlins batting - Pitching for St. Louis Cardinals : RHP Chad Mangum
Batting: RHB Mark Barger 0-0: Ball
1-0: Ground out 5-3 (Groundball, 5S, EV 70.0 MPH)
Batting: RHB Alex Munoz 0-0: Called Strike
0-1: Foul Ball, location: 2F
0-2: DOUBLE (Line Drive, 89D, EV 101.2 MPH)
Batting: RHB Mike Gar 0-0: Called Strike
0-1: Called Strike
0-2: Ball
1-2: Foul Ball, location: 2F
1-2: Foul Ball, location: 2F
1-2: 2-RUN HOME RUN (Flyball, 7D, EV 96.9 MPH), Distance : 391 ft
Batting: RHB Roger Salazar 0-0: Called Strike
0-1: Ground out U3 (Groundball, 34, EV 90.0 MPH)
Batting: LHB Andre Gorter 0-0: Ball
1-0: Called Strike
1-1: Called Strike
1-2: Ball
2-2: Ball
3-2: Base on Balls
Batting: RHB Jimmy Groseclose 0-0: Ball
1-0: Ball
2-0: Ball
Andre Gorter steals 2nd, throwing error, E2
Andre Gorter to third
3-0: Called Strike
3-1: DOUBLE (Flyball, 8RXD, EV 101.9 MPH)
Andre Gorter scores
Batting: RHB Adam McGurn 0-0: Swinging Strike
0-1: Ball
1-1: Called Strike
1-2: Strikes out looking
Bottom of the 3rd over - 3 runs, 3 hits, 1 error, 1 left on base; St. Louis 0 - Miami 4
TOP OF THE 4TH
St. Louis Cardinals batting - Pitching for Miami Marlins : RHP Tim Barnett
Batting: LHB Tom Butterbaugh 0-0: Ball
1-0: Ball
2-0: Called Strike
2-1: Called Strike
2-2: DOUBLE (Groundball, 3L, EV 103.1 MPH)
Batting: SHB Antoine Roux 0-0: Ball
1-0: Fly out, F7 (Flyball, 7, EV 96.2 MPH)
Batting: LHB Pat Sutton 0-0: Foul Ball, location: 2F
0-1: Ball
1-1: SINGLE (Line Drive, 34D, EV 109.4 MPH)
Tom Butterbaugh to third
Runner from 3rd tries for Home, SAFE, throw by RF to home
Pat Sutton to second
Batting: LHB Armando Carbajal 0-0: Foul Ball, location: 2F
0-1: Ball
1-1: Ground out 4-3 (Groundball, 4, EV 91.9 MPH)
Pat Sutton to third
Batting: RHB Klaas Meij 0-0: Swinging Strike
0-1: Ball
1-1: SINGLE (Groundball, 6MD, EV 99.4 MPH)
Pat Sutton scores
Batting: RHB Melvin Enriquez 0-0: Ball
1-0: Fly out, F7 (Line Drive, 78S, EV 96.9 MPH)
Top of the 4th over - 2 runs, 3 hits, 0 errors, 1 left on base; St. Louis 2 - Miami 4
BOTTOM OF THE 4TH
Miami Marlins batting - Pitching for St. Louis Cardinals : RHP Chad Mangum
Batting: RHB Steve Barnard 0-0: Ball
1-0: SINGLE (Groundball, 56D, EV 101.9 MPH)
Batting: RHB Alberto Cotto 0-0: SINGLE (Groundball, 56D, EV 101.2 MPH)
Steve Barnard to second
Batting: RHB Mark Barger 0-0: SINGLE (Groundball, 56D, EV 108.1 MPH)
Steve Barnard to third
Alberto Cotto to second
Batting: RHB Alex Munoz 0-0: Ball
1-0: Ball
2-0: Swinging Strike
2-1: Fly out, F9 (Flyball, 9D, EV 98.1 MPH)
Runner from 3rd tags up, SCORES, throw by RF
Alberto Cotto to third
Pitching: RHP Derek White
Batting: RHB Mike Gar 0-0: Called Strike
0-1: Called Strike
0-2: Ball
1-2: Fly out, F8 (Flyball, 8RD, EV 97.5 MPH)
Runner from 3rd tags up, SCORES, throw by CF
Batting: RHB Roger Salazar 0-0: Called Strike
0-1: Ball
1-1: Ball
Wild Pitch!
Mark Barger to second
2-1: Foul Ball, location: 2F
2-2: Foul Ball, location: 2F
2-2: Ball
3-2: Base on Balls
Batting: LHB Andre Gorter 0-0: Ball
1-0: Called Strike
1-1: SINGLE (Groundball, 3, EV 95.6 MPH)
Mark Barger to third
Roger Salazar to second
Runner from 3rd tries for Home, SAFE, throw by RF to home
Batting: RHB Jimmy Groseclose 0-0: Ball
1-0: DOUBLE (Line Drive, 89D, EV 99.4 MPH)
Roger Salazar scores
Andre Gorter to third
Runner from 3rd tries for Home, SAFE, throw by CF to trailing runner, SAFE at third!
Batting: RHB Adam McGurn 0-0: SINGLE (Flyball, 8RS, EV 93.8 MPH)
Jimmy Groseclose scores
Batting: RHB Steve Barnard 0-0: Ball
1-0: Called Strike
Adam McGurn steals 2nd base
1-1: Swinging Strike
1-2: Ball
2-2: Ball
3-2: Strikes out swinging
Bottom of the 4th over - 6 runs, 6 hits, 0 errors, 1 left on base; St. Louis 2 - Miami 10
TOP OF THE 5TH
St. Louis Cardinals batting - Pitching for Miami Marlins : RHP Tim Barnett
Batting: RHB Danny Gallo 0-0: Ball
1-0: Ball
2-0: DOUBLE (Groundball, 5L, EV 103.1 MPH)
Batting: RHB Terry Baginski 0-0: Swinging Strike
0-1: Foul Ball, location: 2F
0-2: Ball
1-2: Foul Ball, location: 2F
1-2: Strikes out swinging
Batting: RHB Tenshou Takita 0-0: Ball
1-0: Called Strike
1-1: Ball
2-1: Foul Ball, location: 2F
2-2: Ball
3-2: Strikes out swinging
Batting: LHB Tom Butterbaugh 0-0: Ball
1-0: Swinging Strike
1-1: Ball
2-1: Called Strike
2-2: Foul Ball, location: 2F
2-2: Ball
3-2: Foul Ball, location: 2F
3-2: Base on Balls
Batting: SHB Antoine Roux 0-0: Foul Ball, location: 2F
0-1: Called Strike
0-2: Foul Ball, location: 2F
0-2: Strikes out swinging
Top of the 5th over - 0 runs, 1 hit, 0 errors, 2 left on base; St. Louis 2 - Miami 10
BOTTOM OF THE 5TH
Miami Marlins batting - Pitching for St. Louis Cardinals : RHP Derek White
Batting: RHB Alberto Cotto 0-0: Ball
1-0: Ball
2-0: Called Strike
2-1: Ball
3-1: Base on Balls
Batting: RHB Mark Barger 0-0: Called Strike
0-1: Called Strike
0-2: Foul Ball, location: 2F
0-2: Strikes out looking
Batting: RHB Alex Munoz 0-0: Ball
1-0: Foul Ball, location: 2F
1-1: Grounds into double play, 4-6-3 (Groundball, 4, EV 104.4 MPH)
Bottom of the 5th over - 0 runs, 0 hits, 0 errors, 0 left on base; St. Louis 2 - Miami 10
TOP OF THE 6TH
St. Louis Cardinals batting - Pitching for Miami Marlins : RHP Tim Barnett
Batting: LHB Pat Sutton 0-0: SINGLE (Line Drive, 3D, EV 102.5 MPH)
Batting: LHB Armando Carbajal 0-0: Ball
1-0: Called Strike
1-1: Called Strike
1-2: Ball
2-2: Strikes out looking
Batting: RHB Klaas Meij 0-0: Called Strike
0-1: 2-RUN HOME RUN (Flyball, 7D, EV 101.2 MPH), Distance : 386 ft
Batting: RHB Melvin Enriquez 0-0: Ball
1-0: Ball
2-0: Ball
3-0: Base on Balls
Pitching: RHP Nick Newmaster
Batting: RHB Danny Gallo 0-0: Ball
1-0: Foul Ball, location: 2F
1-1: Swinging Strike
1-2: Strikes out swinging
Batting: RHB Terry Baginski 0-0: Ball
Melvin Enriquez steals 2nd base (no throw)
1-0: Ground out 4-3 (Groundball, 4D, EV 104.4 MPH)
Top of the 6th over - 2 runs, 2 hits, 0 errors, 1 left on base; St. Louis 4 - Miami 10
BOTTOM OF THE 6TH
Miami Marlins batting - Pitching for St. Louis Cardinals : RHP Derek White
Batting: RHB Mike Gar 0-0: Called Strike
0-1: Ball
1-1: Fly out, F3 (Popup, 3SF, EV 86.9 MPH)
Batting: RHB Roger Salazar 0-0: Ball
1-0: DOUBLE (Line Drive, 3D, EV 101.9 MPH)
Batting: LHB Andre Gorter 0-0: Foul Ball, location: 2F
0-1: Ball
1-1: Swinging Strike
1-2: Ball
2-2: Ball
3-2: Strikes out looking
Batting: RHB Jimmy Groseclose 0-0: Called Strike
0-1: Ball
1-1: Called Strike
1-2: Ball
2-2: Fly out, F9 (Flyball, 9LM, EV 95.6 MPH)
Bottom of the 6th over - 0 runs, 1 hit, 0 errors, 1 left on base; St. Louis 4 - Miami 10
TOP OF THE 7TH
St. Louis Cardinals batting - Pitching for Miami Marlins : RHP Nick Newmaster
Batting: RHB Tenshou Takita 0-0: Called Strike
0-1: Ball
1-1: Ball
2-1: Swinging Strike
2-2: Strikes out swinging
Batting: LHB Tom Butterbaugh 0-0: Called Strike
0-1: Ball
1-1: Ground out 4-3 (Groundball, 4, EV 85.6 MPH)
Batting: SHB Antoine Roux 0-0: Ball
1-0: Ball
2-0: Foul Ball, location: 2F
2-1: Swinging Strike
2-2: Ball
3-2: Ground out 4-3 (Groundball, 34, EV 107.5 MPH)
Top of the 7th over - 0 runs, 0 hits, 0 errors, 0 left on base; St. Louis 4 - Miami 10
BOTTOM OF THE 7TH
Miami Marlins batting - Pitching for St. Louis Cardinals : RHP Derek White
Batting: RHB Adam McGurn 0-0: Ball
1-0: Fly out, F7 (Line Drive, 7LS, EV 93.1 MPH)
Batting: RHB Steve Barnard 0-0: Called Strike
0-1: SINGLE (Line Drive, 6MD, EV 98.1 MPH)
Pitching: RHP Ray Scifo
Batting: RHB Alberto Cotto 0-0: Ball
1-0: Ball
2-0: Grounds into double play, 4-6-3 (Groundball, 4MD, EV 88.1 MPH)
Bottom of the 7th over - 0 runs, 1 hit, 0 errors, 0 left on base; St. Louis 4 - Miami 10
TOP OF THE 8TH
St. Louis Cardinals batting - Pitching for Miami Marlins : RHP Nick Newmaster
Batting: LHB Pat Sutton 0-0: Foul Ball, location: 2F
0-1: Ball
1-1: Ball
2-1: Ball
3-1: Base on Balls
Batting: LHB Armando Carbajal 0-0: Ball
1-0: Grounds into double play, U6-3 (Groundball, P, EV 84.4 MPH)
Batting: RHB Klaas Meij 0-0: Ball
1-0: Ball
2-0: SINGLE (Line Drive, 3D, EV 97.5 MPH)
Batting: RHB Melvin Enriquez 0-0: Ball
1-0: Ball
2-0: Ball
3-0: Ground out 4-3 (Groundball, 6MS, EV 85.6 MPH)
Top of the 8th over - 0 runs, 1 hit, 0 errors, 1 left on base; St. Louis 4 - Miami 10
BOTTOM OF THE 8TH
Miami Marlins batting - Pitching for St. Louis Cardinals : RHP Ray Scifo
Batting: RHB Mark Barger 0-0: Ball
1-0: Swinging Strike
1-1: Foul Ball, location: 2F
1-2: Strikes out looking
Batting: RHB Alex Munoz 0-0: Ball
1-0: SINGLE (Line Drive, 8LS, EV 105.0 MPH)
Batting: RHB Mike Gar 0-0: SINGLE (Line Drive, 89M, EV 96.9 MPH)
Alex Munoz to second
Runner from 2nd tries for 3rd, SAFE, throw by CF made to third
Batting: RHB Roger Salazar 0-0: Foul Ball, location: 2F
0-1: Ball
1-1: Ball
2-1: Foul Ball, location: 2F
2-2: Ball
3-2: Grounds into double play, 5-4-3 (Groundball, 56S, EV 80.0 MPH)
Bottom of the 8th over - 0 runs, 2 hits, 0 errors, 1 left on base; St. Louis 4 - Miami 10
TOP OF THE 9TH
St. Louis Cardinals batting - Pitching for Miami Marlins : RHP Nick Newmaster
Batting: RHB Danny Gallo 0-0: Swinging Strike
0-1: Ball
1-1: Fly out, F8 (Line Drive, 89M, EV 109.4 MPH)
Batting: RHB Terry Baginski 0-0: Called Strike
0-1: Ball
1-1: Ground out 5-3 (Groundball, 56S, EV 80.6 MPH)
Batting: RHB Tenshou Takita 0-0: Foul Ball, location: 2F
0-1: Called Strike
0-2: Ball
1-2: Strikes out swinging
Top of the 9th over - 0 runs, 0 hits, 0 errors, 0 left on base; St. Louis 4 - Miami 10
Thursday, December 15th , 2022 - OOTP Baseball 23.9 Build 102